 Dungeon Crawl Stone Soup version 0.22-a0-833-g8522bf8 (webtiles) character file.

438 tilp the Chiller (level 7, -9/49 HPs)
             Began as a Merfolk Ice Elementalist on July 25, 2018.
             Splashed by a gnoll shaman's acid (18 damage)
             ... on level 5 of the Dungeon.
             The game lasted 00:15:46 (7009 turns).

tilp the Chiller (Merfolk Ice Elementalist)         Turns: 7009, Time: 00:15:48

Health: -9/49      AC:  8    Str:  8    XL:     7   Next: 1%
Magic:  5/11       EV: 14    Int: 17    God:
Gold:   269        SH:  0    Dex: 14    Spells: 6/12 levels left

rFire    . . .     SeeInvis .   d - +0 dagger
rCold    . . .     Gourm    .   (no shield)
rNeg     . . .     Faith    .   a - +0 robe
rPois    .         Spirit   .   u - +0 helmet
rElec    .         Reflect  .   (no cloak)
rCorr    .         Harm     .   (no gloves)
MR       .....                  (no boots)
Stlth    ++........             (no amulet)
HPRegen  0.16/turn              (no ring)
MPRegen  0.12/turn              (no ring)

@: icy armour
A: change form in water, swift swim, stealthy swim
a: no special abilities


You were on level 5 of the Dungeon.
You were hungry.

You visited 1 branch of the dungeon, and saw 5 of its levels.

You collected 269 gold pieces.

Inventory:

Hand Weapons
 d - a +0 dagger (weapon)
 h - a +0 spear
Missiles
 f - 116 stones (quivered)
 n - 28 sling bullets
Armour
 a - a +0 robe (worn)
 r - a +0 buckler
 u - a +0 helmet (worn)
Jewellery
 m - an uncursed ring of protection from magic {unknown}
Wands
 s - a wand of paralysis (6)
Scrolls
 b - a scroll of random uselessness
 e - 3 scrolls of teleportation
 g - 3 scrolls of remove curse
 j - a scroll of fog {unknown}
 k - a scroll of noise
 o - a scroll of magic mapping {unknown}
 p - a scroll of immolation {unknown}
 t - a scroll of enchant armour {unknown}
Potions
 i - 2 potions of curing
 l - a potion of might {unknown}
 q - a potion of cancellation {unknown}
 v - a potion of degeneration {unknown}
Comestibles
 c - 9 rations
 w - 3 chunks of flesh


   Skills:
 + Level 1.8 Fighting
 * Level 3.7 Polearms
 + Level 3.8 Dodging
 - Level 2.1 Stealth
 + Level 1.5 Shields
 * Level 3.2 Spellcasting
 - Level 0.7 Conjurations
 - Level 6.0 Ice Magic


You had 6 spell levels left.
You knew the following spells:

 Your Spells              Type           Power        Failure   Level  Hunger
a - Freeze                Ice            ###.         1%          1    None
b - Throw Frost           Conj/Ice       ##....       7%          2    ##.....
c - Ozocubu's Armour      Chrm/Ice       ##......     16%         3    ###....

Your spell library contained the following spells:

 Spells                   Type           Power        Failure   Level  Hunger
 Summon Ice Beast         Ice/Summ       ##......     45%         4    ####...
 Throw Icicle             Conj/Ice       ##......     41%         4    ####...


Dungeon Overview and Level Annotations

Branches:
Dungeon (5/15)
 Temple: D:4-7

Altars:
Sif Muna

Annotations:
D:4 Menkaure
D:5 exclusion: upstairs


Message History

Confirm with . or Enter, or press ? or * to list all spells.
Aiming: Freeze (safe; 1% risk of failure)
Press: ? - help, Shift-Dir - straight line, f - gnoll shaman, p - gnoll
Aim: a gnoll shaman, wielding a whip and wearing a robe You freeze the gnoll shaman.
The gnoll shaman is lightly wounded.
The gnoll completely misses you.
The gnoll hits you from afar with a halberd!!
Casting: Freeze (safe; 1% risk of failure)
Confirm with . or Enter, or press ? or * to list all spells.
Aiming: Freeze (safe; 1% risk of failure)
Press: ? - help, Shift-Dir - straight line, f/p - gnoll shaman
Aim: a gnoll shaman, wielding a whip and wearing a robe (lightly wounded)
You freeze the gnoll shaman.
The gnoll shaman is heavily wounded.
The gnoll barely misses you.
The gnoll shaman zaps a wand.
The bolt of acid hits you!
* * * LOW HITPOINT WARNING * * *
You are splashed with acid!
The acid burns!
You die...

##....................
##.......#...........
#.....###...........
#.....#.............
############.....##..........
###..............#.............
#_'..............##... )###.
###......[.......# ... ##
############@.## .. #gg# .g.#
..... ..>.... .........
........... #............


You could see a gnoll shaman and 2 gnolls.

Vanquished Creatures
  An ogre (D:4)
  A centaur (D:5)
  A howler monkey (D:5)
  A hound (D:5)
  4 hound skeletons
  A gnoll (D:5)
  5 adders
  4 worms
  4 dart slugs
  3 leopard geckos
  2 ball pythons
  3 giant cockroaches
  8 hobgoblins
  7 jackals
  12 kobolds
  2 quokkas
  4 bats
  7 frilled lizards
  9 goblins
  2 jackal skeletons
  A quokka skeleton (D:4)
  5 rats
87 creatures vanquished.

Notes
Turn   | Place    | Note
-------+----------+-------------------------------------------
     0 | D:1      | tilp the Merfolk Ice Elementalist began the quest for the Orb.
     0 | D:1      | Reached XP level 1. HP: 13/13 MP: 3/3
    25 | D:1      | Noticed a wyvern
    25 | D:1      | Noticed a hog
    26 | D:1      | Noticed a black bear
    26 | D:1      | Noticed a lindwurm
   188 | D:1      | Reached XP level 2. HP: 19/19 MP: 1/5
   203 | D:1      | Reached skill level 4 in Ice Magic
   265 | D:1      | Learned a level 2 spell: Throw Frost
  1229 | D:2      | Reached XP level 3. HP: 20/24 MP: 4/6
  1243 | D:1      | Learned a level 3 spell: Ozocubu's Armour
  2047 | D:2      | Reached skill level 5 in Ice Magic
  2050 | D:2      | Reached XP level 4. HP: 22/30 MP: 1/7
  2303 | D:2      | Found a faded altar of an unknown god.
  3139 | D:3      | Reached skill level 6 in Ice Magic
  3531 | D:3      | Reached XP level 5. HP: 10/35 MP: 4/8
  4428 | D:4      | Reached skill level 1 in Polearms
  4466 | D:4      | Noticed Menkaure
  5525 | D:5      | Entered Level 5 of the Dungeon
  5557 | D:5      | Reached skill level 1 in Fighting
  5592 | D:5      | Noticed a centaur
  5818 | D:5      | Killed a centaur
  5818 | D:5      | Reached skill level 1 in Shields
  5818 | D:5      | Reached XP level 6. HP: 4/43 MP: 2/10
  6121 | D:4      | HP: 1/43 [ogre/giant club (12)]
  6622 | D:5      | Noticed a phantom
  6962 | D:5      | Reached XP level 7. HP: 49/49 MP: 8/11
  6992 | D:5      | Found a deep blue altar of Sif Muna.
  7009 | D:5      | Splashed by a gnoll shaman's acid

Vault maps used:
D:1:      onia_arrival_zoo_common, feat_on_display
D:2:      chequers_ecumenical_altar_simple
D:4:      kennysheep_decorative_pillar, uniq_menkaure
D:5:      first_ration, lemuel_blue_sif_altar

Skill      XL: |  1  2  3  4  5  6 |
---------------+-------------------+-----
Ice Magic      | 4 5 6 |  6.0
Polearms       | 2 3 |  3.7
Dodging        | 3 |  3.8
Fighting       | 1 |  1.8
Shields        | 1 |  1.5
Spellcasting   | 3 |  3.2
Stealth        | |  2.1
Conjurations   | |  0.7

Action                   |  1- 3 |  4- 6 |  7- 9 || total
-------------------------+-------+-------+-------++-------
Melee: Unarmed           |     1 |       |       ||     1
       Dagger            |    30 |   118 |       ||   148
 Cast: Freeze            |    48 |    85 |     4 ||   137
       Throw Frost       |     2 |     5 |       ||     7
       Ozocubu's Armour  |     2 |    15 |     1 ||    18
Evoke: Wand              |       |     2 |       ||     2
  Use: Scroll            |       |     4 |       ||     4
       Potion            |       |     1 |       ||     1
 Stab: Sleeping          |     2 |     3 |       ||     5
       Paralysed         |       |     3 |       ||     3
  Eat: Chunk             |     5 |    14 |     1 ||    20
       Ration            |       |     1 |       ||     1
Armor: Robe              |     7 |    50 |       ||    57
Dodge: Dodged            |    66 |   129 |     4 ||   199

Table legend:
 A = Spawn XP
 B = Non-spawn XP
 C = Spawn XP percentage of total XP
 D = Spawn monster count
 E = Non-spawn monster count
 F = Spawn count percentage of total count
 G = Total turns spent on level
                    A         B        C        D         E        F      G
               +---------+---------+-------+---------+---------+-------+---------
         Total |       0 |     627 |   0.0 |       0 |      87 |   0.0 |  7009
               +---------+---------+-------+---------+---------+-------+---------
           D:1 |       0 |      40 |   0.0 |       0 |      24 |   0.0 |  1626
           D:2 |       0 |      89 |   0.0 |       0 |      28 |   0.0 |  1103
           D:3 |       0 |      41 |   0.0 |       0 |      12 |   0.0 |  1534
           D:4 |       0 |     212 |   0.0 |       0 |      16 |   0.0 |  1824
           D:5 |       0 |     245 |   0.0 |       0 |       7 |   0.0 |   922
               +---------+---------+-------+---------+---------+-------+---------
